 Dungeon Crawl Stone Soup version 0.25-a0-189-gf71692caf1 (webtiles) character file.

Game seed: 18085834746932621798, levelgen mode: deterministic

6715 floatRand the Blocker (level 11, -4/74 (75) HPs)
             Began as a Formicid Fighter on Nov 29, 2019.
             Was a Follower of Wu Jian.
             Splashed by an acid dragon's acid (11 damage)
             ... on level 11 of the Dungeon.
             The game lasted 00:15:01 (10950 turns).

floatRand the Blocker (Formicid Fighter)           Turns: 10950, Time: 00:15:03

HP:   -4/74 (75)    AC: 15    Str: 22    XL:     11   Next: 23%
MP:   11/11         EV: 13    Int: 15    God:    Wu Jian [*.....]
Gold: 401           SH: 12    Dex: 16    Spells: 10/10 levels left

rFire    + . .     SeeInvis +   x - +8 glaive "Isicushreih" {chop, *Noise rElec MR++ Str+2}
rCold    + . .     Gourm    .   c - +0 shield
rNeg     + . .     Faith    .   h - +1 scale mail {rC+}
rPois    .         Spirit   .   (helmet unavailable)
rElec    +         Reflect  .   C - +2 cloak
rCorr    .         Harm     .   (no gloves)
MR       +++..                  j - +2 pair of boots
Stlth    +++.......             (no amulet)
HPRegen  0.22/turn              w - ring of Amorality {rF+ rN+ Int+5}
MPRegen  0.12/turn              p - +4 ring of dexterity

@: no status effects
A: permanent stasis, dig shafts and tunnels, four strong arms, antennae 3
a: Dig, Shaft Self, Renounce Religion


You were on level 11 of the Dungeon.
You worshipped Wu Jian.
Wu Jian was aware of your devotion.
You were hungry.

You visited 2 branches of the dungeon, and saw 12 of its levels.

You collected 401 gold pieces.

Inventory:

Hand Weapons
 n - the +7 spear of Brutal Revenge {drain, rElec rN+ SInv}
   (You found it on level 5 of the Dungeon)

   A truly terrible weapon, it drains the life of those it strikes.
   It insulates you from electricity.
   It protects you from negative energy.
   It lets you see invisible.
 x - the +8 glaive "Isicushreih" (weapon) {chop, *Noise rElec MR++ Str+2}
   (You found it on level 4 of the Dungeon)

   It inflicts extra damage upon your enemies.
   It affects your strength (+2).
   It insulates you from electricity.
   It affects your resistance to hostile enchantments.
   It may make noises in combat.
Armour
 c - a +0 shield (worn)
 g - a +0 cloak
 h - a +1 scale mail of cold resistance (worn)
 j - a +2 pair of boots (worn)
 C - a +2 cloak (worn)
Jewellery
 p - a +4 ring of dexterity (right hand)
 w - the ring of Amorality (left hand) {rF+ rN+ Int+5}
   (You took it off an orc warrior on level 6 of the Dungeon)

   [ring of positive energy]

   It affects your intelligence (+5).
   It protects you from fire.
   It protects you from negative energy.
 y - an uncursed ring of positive energy
Wands
 a - a wand of paralysis (7)
 b - a wand of disintegration (11)
 s - a wand of enslavement (9)
 A - a wand of flame (13)
 D - a wand of polymorph (9)
Scrolls
 l - a scroll of immolation
 o - 5 scrolls of remove curse
 q - a scroll of amnesia
 t - a scroll of identify
 u - 2 scrolls of enchant armour
Potions
 d - 2 potions of might
 e - a potion of lignification
 i - a potion of resistance
 k - 3 potions of brilliance
 m - a potion of curing
 r - a potion of mutation
 v - a potion of heal wounds
 z - 2 potions of ambrosia
 B - 2 potions of cancellation
Comestibles
 f - 12 rations


   Skills:
 - Level 3.2 Fighting
   Level 5.3(7.7) Axes
 + Level 8.6(9.3) Polearms
 - Level 7.1 Armour
 + Level 5.4 Dodging
 + Level 8.0 Stealth
 - Level 10.1 Shields
 + Level 0.4 Evocations


You had 10 spell levels left.
You didn't know any spells.
Your spell library was empty.

Dungeon Overview and Level Annotations

Branches:
Dungeon (11/15)            Temple (1/1) D:6            Lair (0/6) D:10
    Orc: D:9-12

Altars:
Ashenzari
Cheibriados
Dithmenos
Elyvilon
Fedhas
Gozag
Hepliaklqana
Kikubaaqudgha
Makhleb
Nemelex Xobeh
Okawaru
Qazlal
Ru
Sif Muna
Trog
Uskayaw
Vehumet
Wu Jian
Xom
Yredelemnul
Zin
The Shining One

Shops:
D:11 (

Annotations:
D:8 what is with this luck


Innate Abilities, Weirdness & Mutations

You cannot be hasted, slowed, berserked, paralysed or teleported.
You can dig through walls and to a lower floor.
Your four strong arms can wield two-handed weapons with a shield.
You have a pair of large antennae on your head. (SInv)


Message History

You slice the water moccasin!!
You kill the water moccasin!
The Council accepts your kill.
Your Stealth skill increases to level 8!
You are no longer corroded.
You lunge at the acid dragon.
You hit the acid dragon.
The acid dragon is moderately wounded.
The acid dragon spits acid at you. The splash of acid hits you!
You are splashed with acid!
* * * LOW HITPOINT WARNING * * *
You hit the acid dragon.
The acid dragon is heavily wounded.
You block the acid dragon's attack. The acid dragon misses you.
You barely miss the acid dragon.
The acid dragon is heavily wounded.
The acid dragon spits acid at you. The splash of acid hits you.
* * * LOW HITPOINT WARNING * * *
You are splashed with acid!
You die...

####### #...O.# #####
############.##D############....
#............##@##.............#
#............##.######.#####.#.#
#..........∩.##.# #.# #.#.#
#......D.....##.######†# #.#.#
####.........##......#.# #.)..
.####.######..##.#......#######.#
D...O.{..........................
>....{.....................####.#
#####.#..........####.####.## #.#


You could see a two-headed ogre and an acid dragon.

Vanquished Creatures
  Joseph (D:9)
  3 trolls
  Eustachio (D:6)
  2 wyverns (D:10)
  A water moccasin (D:11)
  A swamp drake (D:10)
  6 orc warriors
  2 eyes of draining
  6 ice beasts
  7 ogres
  2 necrophages
  2 phantoms
  3 sky beasts
  4 centaurs
  2 crocodiles (D:10)
  4 bullfrogs
  5 scorpions
  3 wights (D:7)
  3 howler monkeys
  3 crimson imps
  7 hounds
  A quasit (D:10)
  A centaur zombie (D:6)
  A jelly (D:8)
  A bullfrog skeleton (D:9)
  A gnoll shaman (D:8)
  5 orc priests
  2 iguanas
  11 orc wizards
  5 worker ants
  A hound zombie (D:6)
  2 hound skeletons
  11 gnolls
  11 adders
  An ooze (D:1)
  An adder zombie (D:5)
  2 adder skeletons
  2 worms
  3 dart slugs
  10 leopard geckos
  54 orcs
  6 giant cockroaches
  6 goblins
  3 hobgoblins
  5 jackals
  5 quokkas
  9 bats
  4 frilled lizards
  4 kobolds
  A leopard gecko skeleton (D:4)
  A leopard gecko zombie (D:8)
  11 rats
249 creatures vanquished.

Notes
Turn   | Place    | Note
-------+----------+-------------------------------------------
     0 | D:1      | floatRand the Formicid Fighter began the quest for the Orb.
     0 | D:1      | Reached XP level 1. HP: 18/18 MP: 1/1
   274 | D:1      | Reached skill level 4 in Shields
   274 | D:1      | Reached XP level 2. HP: 21/24 MP: 2/2
   933 | D:2      | Reached XP level 3. HP: 29/29 MP: 3/3
  1636 | D:3      | Reached XP level 4. HP: 31/35 MP: 4/4
  2228 | D:3      | Reached skill level 5 in Shields
  2635 | D:3      | Reached XP level 5. HP: 22/41 MP: 5/5
  3175 | D:4      | Found a glowing golden altar of the Shining One.
  3497 | D:4      | Reached skill level 6 in Shields
  3497 | D:4      | Reached XP level 6. HP: 43/47 MP: 6/6
  3503 | D:4      | Noticed an ogre
  3510 | D:4      | Killed an ogre
  3743 | D:4      | Reached skill level 5 in Axes
  3746 | D:4      | Reached XP level 7. HP: 46/52 MP: 7/7
  3834 | D:4      | Reached skill level 7 in Shields
  4131 | D:4      | Got a smoking glaive
  4137 | D:4      | Identified the +8 glaive "Isicushreih" {chop, *Noise rElec
                  | MR++ Str+2} (You found it on level 4 of the Dungeon)
  4494 | D:5      | Entered Level 5 of the Dungeon
  4698 | D:5      | Reached skill level 1 in Polearms
  4820 | D:5      | Got a crude spear
  4821 | D:5      | Identified the +7 spear of Brutal Revenge {drain, rElec rN+
                  | SInv} (You found it on level 5 of the Dungeon)
  5042 | D:5      | Reached XP level 8. HP: 58/58 MP: 8/8
  5094 | D:5      | Reached skill level 8 in Shields
  5530 | D:6      | Noticed Eustachio
  5547 | D:6      | Killed Eustachio
  5547 | D:6      | Reached skill level 9 in Shields
  5712 | D:6      | Reached skill level 5 in Polearms
  5712 | D:6      | Reached XP level 9. HP: 56/63 MP: 9/9
  5915 | D:6      | Identified the ring of Amorality {rF+ rN+ Int+5}
  5947 | D:6      | Found a staircase to the Ecumenical Temple.
  5953 | Temple   | Entered the Ecumenical Temple
  6260 | D:6      | Found a hazy altar of Hepliaklqana.
  6303 | D:7      | Reached skill level 10 in Shields
  6498 | D:7      | Reached skill level 1 in Stealth
  6725 | D:7      | Reached skill level 1 in Dodging
  7103 | D:7      | Found a stormy altar of Qazlal.
  7718 | D:8      | Reached XP level 10. HP: 51/69 MP: 10/10
  7724 | D:8      | Reached skill level 5 in Armour
  7837 | D:8      | Found an ornate altar of the Wu Jian Council.
  7842 | D:8      | Became a worshipper of the Wu Jian Council
  8189 | D:9      | Reached skill level 5 in Stealth
  8431 | D:9      | Noticed Joseph
  8461 | D:9      | Killed Joseph
  8565 | D:9      | Found an iron altar of Okawaru.
  8703 | D:9      | Found a burning altar of Makhleb.
  9027 | D:9      | Reached * piety under Wu Jian
  9158 | D:10     | Entered Level 10 of the Dungeon
  9464 | D:10     | Reached XP level 11. HP: 51/74 MP: 11/11
  9581 | D:10     | Found a staircase to the Lair.
 10395 | D:11     | Reached skill level 5 in Dodging
 10773 | D:11     | Noticed a four-headed hydra
 10900 | D:11     | Found Roubikk's Antique Weapon Emporium.
 10912 | D:11     | Noticed a two-headed ogre
 10950 | D:11     | Splashed by an acid dragon's acid

Levels and vault maps discovered:
D:1:      lightli_arrival_statue_moat, layout_basic
D:2:      layout_rooms, serial_forest, infiniplex_forest_side_room,
          infiniplex_forest_straight_2, infiniplex_forest_lined_1,
          infiniplex_forest_zigzag_1, dk_noncrumbling_3
D:3:      layout_loops_corners
D:4:      layout_loops_corners, lemuel_round_altar
D:5:      layout_loops_ring, first_ration
D:6:      layout_cave_pools, kennysheep_mini, temple_fountains, uniq_eustachio
D:7:      layout_loops_ring, kennysheep_mini_moat
D:8:      layout_basic, kennysheep_little_box
D:9:      layout_loops_cross, okawaru_gym_becter,
          nicolae_overflow_crystal_walls, uniq_joseph
D:10:     layout_loops_ring, erik_lair_dragon
D:11:     layout_basic, serial_shops, shop
Temple:   eino_temple_rhombus

Skill      XL: |  1  2  3  4  5  6  7  8  9 10 11 |
---------------+----------------------------------+-----
Shields        | 4 5 6 7 9 10 | 10.1
Axes           | 3 4 5 |  5.3
Polearms       | 2 5 6 8 |  8.6
Stealth        | 4 7 8 |  8.0
Dodging        | 2 4 5 |  5.4
Armour         | 4 6 7 |  7.1
Fighting       | |  3.2
Evocations     | |  0.4

Action                   |  1- 3 |  4- 6 |  7- 9 | 10-12 || total
-------------------------+-------+-------+-------+-------++-------
Melee: War axe           |   100 |   174 |    22 |       ||   296
       Glaive            |       |       |   236 |   225 ||   461
Invok: Lunge             |       |       |       |     5 ||     5
       Whirlwind         |       |       |       |     1 ||     1
  Use: Scroll            |       |       |    10 |    14 ||    24
 Stab: Distracted        |       |       |       |     1 ||     1
       Sleeping          |       |       |       |     6 ||     6
  Eat: Chunk             |     2 |     7 |    10 |    10 ||    29
       Ration            |       |       |     1 |       ||     1
Armor: Scale mail        |    50 |    70 |   117 |    16 ||   253
       Chain mail        |       |       |       |    51 ||    51
Dodge: Dodged            |    41 |    55 |    99 |    61 ||   256
Block: Shield            |    60 |    80 |   203 |   102 ||   445

Table legend:
 A = Non-vault XP
 B = Vault XP
 C = Vault XP percentage of total XP
 D = Non-vault monster count
 E = Vault monster count
 F = Vault count percentage of total count
                 A         B        C        D         E       F
            +---------+---------+-------+---------+---------+-------
      Total |    8242 |    1352 |  14.1 |     242 |       7 |   2.8
            +---------+---------+-------+---------+---------+-------
        D:1 |      27 |       0 |   0.0 |      14 |       0 |   0.0
        D:2 |      32 |       0 |   0.0 |      16 |       0 |   0.0
        D:3 |      91 |       0 |   0.0 |      27 |       0 |   0.0
        D:4 |     512 |       0 |   0.0 |      23 |       0 |   0.0
        D:5 |     554 |       0 |   0.0 |      25 |       0 |   0.0
        D:6 |     760 |     208 |  21.5 |      22 |       1 |   4.3
        D:7 |     870 |       0 |   0.0 |      18 |       0 |   0.0
        D:8 |    1296 |       0 |   0.0 |      31 |       0 |   0.0
        D:9 |    1710 |     423 |  19.8 |      25 |       1 |   3.8
       D:10 |    1141 |     721 |  38.7 |      24 |       5 |  17.2
       D:11 |    1249 |       0 |   0.0 |      17 |       0 |   0.0
            +---------+---------+-------+---------+---------+-------
